AoeStats
← Charlitos22

Arena

506496564Analyzed
2v2 RM · 20d ago on Sep 13, 2026· 72m 23s· 4 players
Game mode
Random Map
Map size
Medium (4 player)
Population
200
Speed
Normal
Resources
Standard
Victory
Conquest
Starting age
Dark Age
Ending age
Imperial Age
RankedLock teamsTeams togetherTeam positionsShared explorationLock speedFull tech treeHidden civsTurbo modeCheats
Victory
Defeat
🇨🇱 Berbers · Chile
898
+19
🇨🇱 Aztecs · Chile
870
+20
🇩🇪 Mongols · Germany
978
-46
🇩🇪 Sicilians · Germany
938
-31
Tronix661
10:56 Feudal Age
14:56 Castle Age
13:31 Double-Bit Axe
16:29 Stone Mining
19:11 Pikeman
20:54 Wheelbarrow
20:46 Loom
22:48 Horse Collar
25:13 Scale Mail Armor
26:14 Chain Mail Armor
25:54 Gold Mining
26:22 Bow Saw
26:36 Town Watch
28:27 Fletching
29:37 Hand Cart
30:22 Forging
31:18 Squires
35:59 Imperial Age
34:58 Bodkin Arrow
35:12 Scale Barding Armor
36:37 Gold Shaft Mining
36:52 Ballistics
36:56 Chain Barding Armor
38:22 Chemistry
38:38 Conscription
40:31 Bracer
40:24 Elite Camel Archer
43:28 Plate Barding Armor
43:22 Maghrebi Camels
44:51 Plate Mail Armor
44:57 Town Patrol
45:13 Heavy Plow
49:41 Crop Rotation
54:55 Capped Ram
56:16 Arson
59:54 Cavalier
61:40 Iron Casting
61:05 Treadmill Crane
61:52 Bloodlines
62:40 Fortified Wall
62:26 Light Cavalry
63:07 Husbandry
63:16 Hussar
69:04 Caravan
71:11 Blast Furnace
Charlitos22
11:41 Feudal Age
14:00 Town Watch
17:48 Castle Age
16:33 Loom
19:34 Fervor
19:49 Double-Bit Axe
19:49 Horse Collar
23:20 Stone Mining
25:22 Town Patrol
28:14 Stone Shaft Mining
30:51 Imperial Age
28:10 Pikeman
29:17 Treadmill Crane
30:00 Gold Mining
30:58 Wheelbarrow
32:21 Garland Wars
33:42 Bow Saw
35:44 Elite Jaguar Warrior
36:46 Conscription
36:00 Elite Skirmisher
36:40 Fletching
36:51 Padded Archer Armor
36:55 Caravan
38:48 Leather Archer Armor
41:39 Chemistry
41:00 Ballistics
45:14 Forging
45:01 Bodkin Arrow
48:17 Atlatl
50:06 Capped Ram
58:12 Siege Ram
59:08 Elite Genitour
63:10 Crossbowman
64:47 Onager
66:17 Siege Onager
5ylvesteR
10:28 Feudal Age
11:51 Loom
14:44 Castle Age
14:33 Double-Bit Axe
14:31 Horse Collar
18:50 Wheelbarrow
21:54 Gold Mining
21:55 Stone Mining
23:21 Stone Mining
27:10 Fletching
27:21 Padded Archer Armor
30:07 Bow Saw
32:04 Ballistics
32:10 Bodkin Arrow
32:31 Leather Archer Armor
37:12 Imperial Age
35:00 Thumb Ring
39:46 Elite Mangudai
40:36 Bracer
40:30 Elite Mangudai
43:35 Nomads
44:03 Conscription
44:23 Parthian Tactics
44:57 Masonry
44:57 Fortified Wall
44:57 Siege Engineers
47:27 Scale Barding Armor
47:23 Scale Mail Armor
47:33 Forging
54:36 Capped Ram
55:50 Light Cavalry
56:45 Bloodlines
60:18 Bloodlines
59:30 Light Cavalry
61:09 Hussar
63:35 Siege Ram
Cygan
11:38 Feudal Age
16:57 Castle Age
15:31 Forging
15:09 Double-Bit Axe
15:23 Horse Collar
16:30 Scale Barding Armor
17:13 Bloodlines
22:00 Iron Casting
26:33 Bow Saw
28:05 Husbandry
30:29 Wheelbarrow
29:42 Town Watch
33:44 Hand Cart
33:29 Town Patrol
33:15 Loom
34:41 Fletching
35:27 Murder Holes
35:42 Masonry
35:53 Ballistics
36:12 Bodkin Arrow
40:56 Imperial Age
41:40 Chain Barding Armor
43:14 Blast Furnace
41:37 Cavalier
45:12 Bracer
45:48 Plate Barding Armor
46:54 Conscription
46:25 Light Cavalry
56:21 Elite Skirmisher
62:36 Chemistry
61:40 Scale Mail Armor
61:41 Padded Archer Armor
63:36 Pikeman
64:16 Squires
64:02 Gambesons
64:20 Halberdier
65:18 Chain Mail Armor
Connection lost

Rejoining the realm…

Still unreachable

The connection could not be restored.

Session expired

The server has moved on; the page needs a fresh start.